 Dungeon Crawl Stone Soup version 0.27.0-1-g7a089689b8 (webtiles) character file.

Game seed: 8085403403491404808

21 Malachi the Sneak (level 2, 0/13 HPs)
             Began as a Vampire Enchanter on Aug 13, 2021.
             Was a Follower of Hepliaklqana.
             Slain by a jackal (1 damage)
             ... on level 2 of the Dungeon.
             The game lasted 00:01:02 (751 turns).

Malachi the Sneak (Vampire Enchanter)                Turns: 751, Time: 00:01:03

Health: 0/13       AC:  2    Str:  7    XL:     2   Next: 62%
Magic:  5/5        EV: 12    Int: 17    God:    Hepliaklqana [*.....]
Gold:   46         SH:  0    Dex: 14    Spells: 4/5 levels left

rFire    . . .     SeeInvis +   a - +1 dagger
rCold    + + .     Faith    .   (no shield)
rNeg     + + +     Spirit   .   b - +0 robe
rPois    ∞         Reflect  .   (no helmet)
rElec    .         Harm     .   (no cloak)
rCorr    .         Rampage  .   (no gloves)
Will     .....                  (no boots)
Stlth    +++++.....             (no amulet)
HPRegen  0.00/turn              (no ring)
MPRegen  0.09/turn              (no ring)

@: bloodless, inhibited regen
A: bloodless, reduced essence, fangs 3, see invisible, vampiric 1
a: Revivify, Renounce Religion, Recall Ancestor, Ancestor Identity


You were on level 2 of the Dungeon.
You worshipped Hepliaklqana.
Hepliaklqana was aware of your devotion.
You visited 1 branch of the dungeon, and saw 2 of its levels.

You collected 46 gold pieces.

Inventory:

Hand Weapons
 a - a +1 dagger (weapon)
Armour
 b - a +0 robe (worn)
Scrolls
 c - a scroll of enchant weapon {unknown}
 g - a scroll of teleportation {unknown}
Potions
 d - a potion of brilliance {unknown}
 e - a potion of haste {unknown}
 f - a potion of flight {unknown}


   Skills:
 + Level 1.3 Short Blades
 + Level 2.3 Dodging
 + Level 5.1 Stealth
 + Level 2.1 Spellcasting
 + Level 4.8 Hexes


You had 4 spell levels left.
You knew the following spells:

 Your Spells              Type           Power      Damage    Failure   Level
a - Corona                Hex            20%        N/A       2%          1

Your spell library contained the following spells:

 Spells                   Type           Power      Damage    Failure   Level
 Confusing Touch          Hex            18%        N/A       8%          3
 Tukima's Dance           Hex            18%        N/A       8%          3
 Ensorcelled Hibernation  Hex/Ice        20%        N/A       11%         2
 Dazzling Flash           Conj/Hex       20%        N/A       22%         3


Dungeon Overview and Level Annotations

Branches:
Dungeon (2/15)

Altars:
Hepliaklqana


Innate Abilities, Weirdness & Mutations

You do not regenerate when monsters are visible.
You are frail without blood (-20% HP).
You can heal yourself when you bite living creatures.
You are immune to poison.
Your life essence is reduced to manifest your ancestor. (-10% HP)
You have razor-sharp teeth.
You have supernaturally acute eyesight. (SInv)
You are afflicted with vampirism.


Message History

The jackal barely misses you.
You hit the jackal.
The jackal is severely wounded.
The jackal barely misses you. x2; The jackal closely misses you.
Gnaeus hits the jackal.
The jackal bites you.
The jackal closely misses Gnaeus. x2
You hit the jackal but do no damage.
The jackal is almost dead.
Gnaeus closely misses the jackal.
The jackal misses you. The jackal bites you.
The jackal barely misses Gnaeus.
You hit the jackal.
You kill the jackal!
The jackal closely misses you. The jackal barely misses you.
The goblin hits Gnaeus with a +0 club.
You hit the jackal but do no damage.
The jackal bites you but does no damage.
The jackal closely misses you. x2; Gnaeus closely misses the goblin.
The goblin closely misses Gnaeus.
The jackal bites you.
The jackal bites you but does no damage.
You hit the jackal.
The jackal is moderately wounded.
The jackal bites you but does no damage.
Gnaeus closely misses the goblin.
The jackal closely misses you. The jackal bites you.
The goblin hits Gnaeus with a +0 club.
Gnaeus is destroyed!
The jackal bites you.
You are too injured to fight recklessly!
You are too injured to fight recklessly!
You are too injured to fight recklessly!
You are too injured to fight recklessly!
You hit the jackal. You bite the jackal.
You draw the jackal's blood!
You feel better.
The jackal is almost dead.
The jackal bites you. The jackal closely misses you. x2
You hit the jackal but do no damage.
The jackal is almost dead.
The jackal barely misses you. The jackal misses you. x2
The goblin hits you with a +0 club.
* * * LOW HITPOINT WARNING * * *
The jackal closely misses you. The jackal bites you.
You die...

########## #........#
......h..###############
.....Kh@>...............
......hg.###############
......o..# .........#
.........# ...#.#####
...#. .. #.


You could see an orc, 3 jackals, a goblin and a kobold.

Vanquished Creatures
  2 endoplasms (D:1)
  A giant cockroach (D:1)
  A goblin (D:1)
  4 jackals
  4 kobolds (D:1)
  2 quokkas (D:1)
  A bat (D:1)
  2 frilled lizards (D:1)
17 creatures vanquished.

Vanquished Creatures (others)
  An ancestor (D:2)
1 creature vanquished.

Grand Total: 18 creatures vanquished

Notes
Turn   | Place    | Note
-------+----------+-------------------------------------------
     0 | D:1      | Malachi the Vampire Enchanter began the quest for the Orb.
     0 | D:1      | Reached XP level 1. HP: 13/13 MP: 3/3
   191 | D:1      | Reached XP level 2. HP: 15/15 MP: 5/5
   239 | D:1      | Found a faded altar of an unknown god.
   273 | D:1      | Reached skill level 5 in Stealth
   705 | D:1      | Became a worshipper of Hepliaklqana the Forgotten
   705 | D:1      | Reached * piety under Hepliaklqana
   751 | D:2      | Slain by a jackal

Illustrated notes

Levels and vault maps discovered:
D:1:      roderic_octagonal_star, layout_basic, basic_ecumenical_altar,
          chequers_jeans
D:2:      layout_basic

Skill      XL: |  1  2 |
---------------+-------+-----
Stealth        | 5 |  5.1
Short Blades   | |  1.3
Dodging        | |  2.3
Spellcasting   | |  2.1
Hexes          | |  4.8

Action                   || total
-------------------------++-------
Melee: Dagger            ||    43
       Bite              ||     1
 Abil: Exsanguinate      ||     1
 Stab: Sleeping          ||    13
Armor: Robe              ||     7
Dodge: Dodged            ||    34
